 Dungeon Crawl Stone Soup version 0.31-a0-441-g867994ef1c (webtiles) character file.

Game seed: 14414409588124341004

91 lunkers the Insei (level 5, -14/40 HPs)
             Began as a Meteoran Shapeshifter on Aug 2, 2023.
             Demolished by an ogre
             ... wielding a +0 giant spiked club
              (20 damage)
             ... on level 6 of the Dungeon.
             The game lasted 00:01:58 (1158 turns).

lunkers the Insei (Meteoran Shapeshifter)           Turns: 1158, Time: 00:01:59

Health: -14/40     AC:  2    Str: 16    XL:     5   Next: 13%
Magic:  0/6        EV: 12    Int: 10    God:
Gold:   123        SH:  0    Dex: 16    Spells: 4/4 levels left

rFire   . .          .
                       - Unarmed
rCold   . . .        (no shield)
rNeg    . . .        a - +0 animal skin
rPois   .            (helmet currently unavailable)
rElec   .            (cloak currently unavailable)
rCorr   .            (gloves currently unavailable)
SInv    .            (boots currently unavailable)
Will    .....        f - amulet of guardian spirit
Stlth   +            (no ring)
HPRegen 0.26/turn    (no ring)
MPRegen 0.10/turn

%: guardian spirit
@: beast-form, glowing
A: beast (slay +3), sense surroundings 1, otherworldly, glowing, explore regen
a: Begin Untransformation


You were on level 6 of the Dungeon.
You were a hulking beast.
You visited 1 branch of the dungeon, and saw 4 of its levels.

You collected 123 gold pieces.

Inventory:

Armour
 a - a +0 animal skin (worn)
Jewellery
 f - an amulet of guardian spirit (around neck)
 h - a ring of ice
 l - an amulet of the acrobat
Talismans
 c - a beast talisman (active)
Scrolls
 d - a scroll of fear {unknown}
 g - 3 scrolls of amnesia {unknown}
 i - 4 scrolls of identify {unknown}
 k - a scroll of teleportation {unknown}
 m - a scroll of fog {unknown}
Potions
 b - a potion of lignification
 e - a potion of magic {unknown}
 j - a potion of cancellation {unknown}


   Skills:
 - Level 1.1 Fighting
 - Level 2.4 Dodging
 * Level 5.5 Unarmed Combat
 + Level 4.4 Shapeshifting


You had 4 spell levels left.
You didn't know any spells.
Your spell library was empty.

Dungeon Overview and Level Annotations

Branches:
Dungeon (3/15) Zot: 1251

Altars:
Okawaru
Wu Jian


Innate Abilities, Weirdness & Mutations

You are a hulking beast.
Your limbs bulge with bestial killing power. (Slay +3)
You passively map a small area around you.
You are easily found by Zot.
You glow in the dark.
You regain HP and MP as you explore.


Message History

You hit the orc.
The orc is almost dead.
The orc hits you with a +0 trident.
* * * LOW HITPOINT WARNING * * *
You punch the orc!
You kill the orc!
You now have 123 gold pieces (gained 8).
i - 4 scrolls labelled XYAM ONENKEIB (gained 1) Magic restored.
HP restored.
You hear the slow rusting of a very distant drain.
m - a scroll labelled JUGUON DAFOG An ogre comes into view.
It is wielding a +0 giant spiked club.
The ogre shouts!
An ogre is nearby!
The ogre hits you with a +0 giant spiked club.
You hit the ogre.
The ogre is lightly wounded.
You hit the ogre.
The ogre is lightly wounded.
The ogre barely misses you.
You hit the ogre. You punch the ogre, but do no damage.
The ogre is moderately wounded.
The ogre hits you with a +0 giant spiked club!!
* * * LOW HITPOINT WARNING * * *
You are too injured to fight recklessly!
You hit the ogre.
The ogre is heavily wounded.
You hit the ogre.
The ogre is severely wounded.
The ogre hits you with a +0 giant spiked club!!
* * * LOW HITPOINT WARNING * * *
You punch the ogre!
The ogre is almost dead.
You barely miss the ogre.
The ogre is almost dead.
The ogre hits you with a +0 giant spiked club!!
* * * LOW MAGIC WARNING * * *
Ouch! That really hurt!
You die...

##.##
#..###
##....####
#..##....#
##.######.#
#..# ###
##.## #..#
#h## #.O#
*#.## *.#*
#.* .# * #.
.. ,


You could see an ogre.

Vanquished Creatures
  4 adders
  2 worms
  2 dart slugs (D:2)
  An orc (D:6)
  4 endoplasms
  2 giant cockroaches
  2 goblins (D:1)
  A hobgoblin (D:3)
  6 jackals
  3 kobolds
  3 quokkas (D:2)
  6 ball pythons
  2 bats
  2 frilled lizards (D:3)
  2 rats (D:3)
42 creatures vanquished.

Notes
Turn   | Place    | Note
-------+----------+-------------------------------------------
     0 | D:1      | lunkers the Meteoran Shapeshifter began the quest for the
                  | Orb.
     0 | D:1      | Reached XP level 1. HP: 16/16 MP: 2/2
    53 | D:1      | Found a faded altar of an unknown god.
   115 | D:1      | Reached XP level 2. HP: 17/23 MP: 3/3
   176 | D:1      | Reached skill level 4 in Unarmed Combat
   361 | D:2      | Reached XP level 3. HP: 28/28 MP: 2/4
   527 | D:2      | Reached XP level 4. HP: 21/35 MP: 5/5
   584 | D:2      | Reached skill level 5 in Unarmed Combat
   963 | D:3      | Found an ornate altar of the Wu Jian Council.
   963 | D:3      | Found an iron altar of Okawaru.
  1068 | D:3      | You fall into a shaft and drop 3 floors!
  1087 | D:6      | Reached XP level 5. HP: 30/40 MP: 4/6
  1148 | D:6      | Noticed an ogre
  1158 | D:6      | Demolished by an ogre

Illustrated notes

Levels and vault maps discovered:
D:1:      eino_arrival_water_cross, layout_loops_cross,
          ebering_ecumenical_altar_sacrificial
D:2:      layout_basic
D:3:      layout_basic, nicolae_overflow_hidden_temple, serial_shops,
          nicolae_shop_tiny_real_fake_doors
D:6:      layout_cave_pods, nicolae_sif_muna_condensation,
          lightli_sewer_entry_pipes

Skill      XL: |  1  2  3  4 |
---------------+-------------+-----
Unarmed Combat | 4 5 |  5.5
Shapeshifting  | 4 |  4.4
Fighting       | |  1.1
Dodging        | |  2.4

Action                     |  1- 3 |  4- 6 || total
---------------------------+-------+-------++-------
  Melee: Unarmed           |    43 |    62 ||   105
         Punch             |     3 |     3 ||     6
 Armour: Animal skin       |     3 |    10 ||    13
  Dodge: Dodged            |    22 |    30 ||    52

Table legend: (Time is in decaauts)
 A = Elapsed time spent in this place.
 B = Non-inter-level travel time spent in this place.
 C = Inter-level travel time spent in this place.
 D = Time resting spent in this place.
 E = Time spent auto-exploring this place.
 F = Levels seen in this place.
 G = Mean time per level.
                   A        B        C        D        E       F      G
               +--------+--------+--------+--------+--------+-----+--------+
         Total |   1148 |   1124 |     24 |      0 |    828 |   4 |  287.0 |
       Dungeon |   1148 |   1124 |     24 |      0 |    828 |   4 |  287.0 |
               +--------+--------+--------+--------+--------+-----+--------+

Top non-repeatable levels by time:
     D:2: 535 daAuts
     D:1: 282 daAuts
     D:3: 241 daAuts
     D:6: 88 daAuts
